 Dungeon Crawl Stone Soup version 0.29-a0-542-g075992c915 (webtiles) character file.

Game seed: 2497004468366218655

345 Crownlay the Chopper (level 6, 0/56 HPs)
             Began as a Hill Orc Fighter on June 4, 2022.
             Succumbed to a scorpion's poison
             ... on level 5 of the Dungeon.
             The game lasted 00:05:18 (3911 turns).

Crownlay the Chopper (Hill Orc Fighter)             Turns: 3911, Time: 00:05:19

Health: 0/56       AC:  0    Str: 21    XL:     6   Next: 58%
Magic:  6/6        EV: 13    Int:  8    God:
Gold:   159        SH:  5    Dex: 10    Spells: 5/5 levels left

rFire   . . .      SeeInvis .   (weapon currently unavailable)
rCold   . . .      Faith    .   (shield currently unavailable)
rNeg    . . .      Spirit   .   (body armour currently unavailable)
rPois   .          Reflect  +   (helmet currently unavailable)
rElec   .          Harm     .   (cloak currently unavailable)
rCorr   .          Rampage  .   (gloves currently unavailable)
Will    .....                   (boots currently unavailable)
Stlth   +.........              w - amulet of reflection
HPRegen 0.18/turn               (ring currently unavailable)
MPRegen 0.10/turn               (ring currently unavailable)

@: brilliant, lethally poisoned (0 -> -4), pig-form (expiring), attractive,
hasted, very quick
A: fast, no casting, small
a: no special abilities


You were on level 5 of the Dungeon.
You were a filthy swine.
You visited 1 branch of the dungeon, and saw 5 of its levels.

You collected 159 gold pieces.

Inventory:

Hand Weapons
 a - a +0 war axe (melded)
 t - a +2 vorpal flail
Armour
 b - a +0 scale mail (melded)
 c - a +0 buckler (melded)
 e - a +0 cloak (melded)
 r - a +1 hat (melded)
Jewellery
 h - a ring of fire
 k - a ring of ice
 p - a ring of positive energy
 w - an amulet of reflection (around neck)
Scrolls
 j - 2 scrolls of teleportation {unknown}
 l - 2 scrolls of fog {unknown}
 m - a scroll of identify {unknown}
 o - 2 scrolls of immolation {unknown}
 q - a scroll of poison {unknown}
 x - a scroll of vulnerability {unknown}
Potions
 d - a potion of might
 f - 3 potions of brilliance
 g - a potion of degeneration {unknown}
 i - a potion of haste
 n - a potion of lignification


   Skills:
 - Level 5.0 Fighting
 * Level 6.0 Axes
 + Level 4.5 Armour
 + Level 4.5 Shields


You had 5 spell levels left.
You didn't know any spells.
Your spell library contained the following spells:

 Spells                   Type           Power      Damage    Failure   Level
 Ensorcelled Hibernation  Hex/Ice        0%         N/A       54%         2
 Passwall                 Tmut/Erth      0%         N/A       54%         2
 Gell's Gravitas          Tloc           0%         N/A       78%         3
 Lesser Beckoning         Tloc           0%         N/A       78%         3
 Swiftness                Air            0%         N/A       78%         3
 Teleport Other           Tloc           0%         N/A       78%         3


Dungeon Overview and Level Annotations

Branches:
Dungeon (4/15)
 Temple: D:4-7

Altars:

Shops:
D:4 (

Annotations:
D:5 1 runed translucent door, Blork the orc, Crazy Yiuf


Message History

* * * LOW HITPOINT WARNING * * *
The scorpion is attracted toward you. Blork the orc is attracted toward you.
Your transformation is almost over.
Blork the orc is attracted toward you. The scorpion is attracted toward you.
Blork the orc is attracted toward you. The scorpion is attracted toward you.
Blork the orc is attracted toward you. Blork the orc is attracted toward you.
The scorpion is attracted toward you. Blork the orc is attracted toward you.
Blork the orc is attracted toward you. The scorpion is attracted toward you.
Blork the orc is attracted toward you.
You hit the scorpion.
The scorpion is heavily wounded.
Blork the orc is no longer moving quickly.
You hit the scorpion.
The scorpion is heavily wounded.
The scorpion stings you!
* * * LOW HITPOINT WARNING * * *
You are lethally poisoned!
The scorpion poisons you!
Really quaff the potion of lignification?
You are stuck in your current form!
You hit the scorpion but do no damage.
The scorpion is heavily wounded.
* * * LOW HITPOINT WARNING * * *
You feel sick. The scorpion stings you.
* * * LOW HITPOINT WARNING * * *
You hit the scorpion.
The scorpion is severely wounded.
* * * LOW HITPOINT WARNING * * *
You feel sick. The scorpion completely misses you.
You hit the scorpion but do no damage.
The scorpion is severely wounded.
* * * LOW HITPOINT WARNING * * *
You feel sick. The scorpion closely misses you.
You closely miss the scorpion.
The scorpion is severely wounded.
You closely miss the scorpion.
The scorpion is severely wounded.
You die...

#.# ########## #+#
#.#.#........#
♣♣.♣
#.###.#.#.########
♣.♣♣ #.......#.#
♣♣.♣
#.###.########
♣.♣♣
#§§§..§§§§...#
♣♣.♣♣
############o#
♣...♣♣ #s# ♣....♣
#h# #....#
#.###....#
#........#
#####...## #####


You could see Blork the orc and a scorpion.

Vanquished Creatures
  2 scorpions (D:4)
  A howler monkey (D:4)
  Terence (D:3)
  6 adders
  3 gnolls
  4 worms (D:2)
  2 dart slugs
  2 orcs (D:4)
  7 ball pythons
  7 endoplasms
  A giant cockroach (D:3)
  7 hobgoblins
  4 jackals (D:1)
  2 quokkas
  4 bats
  A frilled lizard (D:1)
  5 goblins
  6 kobolds
  5 rats
70 creatures vanquished.

Vanquished Creatures (others)
  A plant (D:2)
1 creature vanquished.

Grand Total: 71 creatures vanquished

Notes
Turn   | Place    | Note
-------+----------+-------------------------------------------
     0 | D:1      | Crownlay the Hill Orc Fighter began the quest for the Orb.
     0 | D:1      | Reached XP level 1. HP: 19/19 MP: 1/1
   215 | D:1      | Reached skill level 3 in Axes
   215 | D:1      | Reached XP level 2. HP: 27/27 MP: 2/2
   915 | D:1      | Found a faded altar of an unknown god.
   990 | D:2      | Reached XP level 3. HP: 26/33 MP: 3/3
  1484 | D:2      | Reached skill level 4 in Axes
  1618 | D:2      | Reached XP level 4. HP: 28/40 MP: 4/4
  2848 | D:3      | Reached XP level 5. HP: 41/47 MP: 5/5
  2992 | D:3      | Noticed Terence
  3002 | D:3      | Killed Terence
  3089 | D:3      | Reached skill level 5 in Axes
  3411 | D:4      | Found Qibrusui's Antique Weapon Emporium.
  3503 | D:4      | Reached XP level 6. HP: 46/53 MP: 6/6
  3671 | D:4      | Reached skill level 5 in Fighting
  3671 | D:4      | Reached skill level 6 in Axes
  3834 | D:4      | You fall into a shaft and drop 1 floor!
  3834 | D:5      | Entered Level 5 of the Dungeon
  3837 | D:5      | Found a runed translucent door.
  3838 | D:5      | Noticed Crazy Yiuf
  3877 | D:5      | Noticed Blork the orc
  3908 | D:5      | HP: 2/56 [poisoned by a scorpion]
  3911 | D:5      | Succumbed to a scorpion's poison

Illustrated notes

Levels and vault maps discovered:
D:1:      sevenhm_arrival_forest_fort_small_5, layout_loops_corners,
          shapermc_ecumenical_altar_venn
D:2:      layout_basic, kennysheep_nub, minmay_misc_feat_encased,
          chequers_serial_rivers_room_a, fountainhead, kennysheep_doodads,
          guppyfry_early_lair_pool
D:3:      layout_basic, nicolae_figureground_sparkle, uniq_terence
D:4:      layout_gridville, overflow_temple_1_default, serial_shops,
          nicolae_square_shop
D:5:      layout_basic, general_overflow_altar, uniq_blork_the_orc,
          uniq_crazy_yiuf_cottage, uniq_ijyb

Skill      XL: |  1  2  3  4  5  6 |
---------------+-------------------+-----
Axes           | 3 4 5 6 |  6.0
Fighting       | 4 5 |  5.0
Shields        | 4 |  4.5
Armour         | 4 |  4.5

Action                   |  1- 3 |  4- 6 || total
-------------------------+-------+-------++-------
Melee: War axe           |    98 |   161 ||   259
       Unarmed           |       |    10 ||    10
  Use: Potion            |       |     7 ||     7
Armor: Scale mail        |    51 |    68 ||   119
Dodge: Dodged            |    50 |    93 ||   143
Block: Buckler           |    20 |    40 ||    60
       Other             |       |     5 ||     5

Table legend: (Time is in decaauts)
 A = Elapsed time spent in this place.
 B = Non-inter-level travel time spent in this place.
 C = Inter-level travel time spent in this place.
 D = Time resting spent in this place.
 E = Time spent auto-exploring this place.
 F = Levels seen in this place.
 G = Mean time per level.
                   A        B        C        D        E       F      G
               +--------+--------+--------+--------+--------+-----+--------+
         Total |   3989 |   3879 |    110 |      0 |   3245 |   5 |  797.8 |
       Dungeon |   3989 |   3879 |    110 |      0 |   3245 |   5 |  797.8 |
               +--------+--------+--------+--------+--------+-----+--------+

Top non-repeatable levels by time:
     D:2: 1875 daAuts
     D:1: 1001 daAuts
     D:3: 605 daAuts
     D:4: 438 daAuts
     D:5: 68 daAuts
